 Dungeon Crawl Stone Soup version 0.21.1-1-g345015f (webtiles) character file.

404052 Wehk the Unforgettable (level 23, -8/161 (162) HPs)
             Began as a Gnoll Wanderer on Feb 8, 2018.
             Was the Champion of Hepliaklqana.
             Splashed by an acid blob's acid (15 damage)
             ... while paralysed by a floating eye
             ... on level 3 of the Depths on Feb 11, 2018.
             The game lasted 05:33:56 (57237 turns).

Wehk the Unforgettable (Gnoll Wanderer)            Turns: 57237, Time: 05:33:57

HP:   -8/161 (162)  AC:  8    Str: 21    XL:     23   Next: 36%
MP:   15/41         EV:  2    Int: 25    God:    Hepliaklqana [******]
Gold: 4053          SH:  0    Dex: 12    Spells: 8/51 levels left

rFire    + + .     SeeInvis +   w - +12 arbalest "Ogrebane" {freeze, rN+}
rCold    . . .     Gourm    .   (shield currently unavailable)
rNeg     + + .     Faith    .   z - +1 ring mail "Kuugh" {rF+ rN+ Int+4 Slay+3}
rPois    .         Spirit   .   K - +2 helmet {SInv}
rElec    .         Reflect  .   I - +2 cloak
rCorr    .         Harm     .   N - +2 pair of gloves
MR       ++...                  L - +2 pair of boots
Stlth    +++++.....             v - amulet of magic regeneration
HPRegen  0.36/turn              W - ring "Sutuwkom" {rF+ MR+}
MPRegen  0.52/turn              (no ring)

@: paralysed, portal projectile, corroded, very slightly contaminated, studying
Bows, invisible, deflect missiles
A: distributed training, reduced essence, fangs 1, strong nose
}: 2/15 runes: decaying, gossamer
a: Recall Ancestor, Ancestor Identity, Transference, Idealise, Renounce
Religion, Cancel Portal Projectile


You were on level 3 of the Depths.
You worshipped Hepliaklqana.
Hepliaklqana was exalted by your worship.
You were hungry.

You visited 9 branches of the dungeon, and saw 42 of its levels.
You visited the Abyss 2 times.
You also visited: Volcano.

You collected 4632 gold pieces.
You spent 579 gold pieces at shops.

Inventory:

Hand Weapons
 w - the +12 arbalest "Ogrebane" (weapon) {freeze, rN+}
   (You found it on level 2 of the Vaults)

   It causes projectiles fired from it to freeze those they strike, causing
   extra injury to most foes and up to half again as much damage against
   particularly susceptible opponents.
   They can also slow down cold-blooded creatures.
   It protects you from negative energy.
Missiles
 e - 517 bolts (quivered)
Armour
 z - the +1 ring mail "Kuugh" (worn) {rF+ rN+ Int+4 Slay+3}
   (You bought it in a shop on level 2 of the Orcish Mines)

   It affects your intelligence (+4).
   It affects your accuracy and damage with ranged weapons and melee attacks
   (+3).
   It protects you from fire.
   It protects you from negative energy.
 I - a +2 cloak (worn)
 K - a +2 helmet of see invisible (worn)
 L - a +2 pair of boots (worn)
 N - a +2 pair of gloves (worn)
 P - a +1 plate armour of fire resistance
Jewellery
 v - an amulet of magic regeneration (around neck)
 B - an uncursed ring of protection from cold
 H - an uncursed ring of protection from fire
 U - an uncursed ring of resist corrosion
 W - the ring "Sutuwkom" (left hand) {rF+ MR+}
   (You found it on level 1 of the Swamp)

   [ring of protection from magic]

   It protects you from fire.
   It affects your resistance to hostile enchantments.
Wands
 d - a wand of digging (6)
 r - a wand of iceblast (8)
 x - a wand of paralysis (56)
 R - a wand of scattershot (6)
Scrolls
 b - 8 scrolls of teleportation
 l - 7 scrolls of immolation
 m - 13 scrolls of remove curse
 p - 11 scrolls of enchant weapon
 t - 6 scrolls of blinking
 u - 3 scrolls of amnesia
 y - 8 scrolls of fog
 A - 7 scrolls of magic mapping
 E - 9 scrolls of fear
 F - 6 scrolls of enchant armour
 G - 4 scrolls of identify
 J - a scroll of torment {unknown}
 O - 2 scrolls of summoning
 T - a scroll of holy word
 Y - 2 scrolls of silence
Potions
 a - 5 potions of ambrosia
 c - 3 potions of flight
 f - 10 potions of lignification
 h - 2 potions of agility
 i - 8 potions of brilliance
 j - 4 potions of haste
 k - a potion of cancellation
 o - 8 potions of curing
 q - 5 potions of berserk rage
 s - a potion of magic
 D - a potion of mutation
 M - 2 potions of heal wounds
 Z - 4 potions of resistance
Books
 C - a manual of Bows
Miscellaneous
 S - a sack of spiders
 V - a phial of floods
 X - a lamp of fire
Comestibles
 g - 56 rations


   Skills:
 + Level 15.0 Fighting
 + Level 14.9 Short Blades
 + Level 14.9 Long Blades
 + Level 14.9 Axes
 + Level 15.0 Maces & Flails
 + Level 15.9 Polearms
 + Level 14.9 Staves
 + Level 14.9 Slings
 + Level 15.4 Bows
 + Level 14.9 Crossbows
 + Level 15.0 Throwing
 + Level 15.0 Armour
 + Level 15.0 Dodging
 + Level 15.3 Stealth
 + Level 14.9 Shields
 + Level 14.9 Unarmed Combat
 + Level 14.9 Spellcasting
 + Level 12.8 Conjurations
 + Level 12.8 Hexes
 + Level 12.8 Charms
 + Level 12.8 Summonings
 + Level 12.8 Necromancy
 + Level 12.8 Translocations
 + Level 12.8 Transmutations
 + Level 12.8 Fire Magic
 + Level 12.8 Ice Magic
 + Level 12.8 Air Magic
 + Level 12.8 Earth Magic
 + Level 12.8 Poison Magic
 + Level 16.0 Invocations
 + Level 14.9 Evocations


You had 8 spell levels left.
You knew the following spells:

 Your Spells              Type           Power        Failure   Level  Hunger
a - Portal Projectile     Hex/Tloc       ######       1%          3    None
b - Mephitic Cloud        Conj/Pois/Air  ######..     1%          3    None
c - Freezing Cloud        Conj/Ice/Air   ######....   3%          6    ####...
d - Tukima's Dance        Hex            ######..     1%          3    None
i - Invisibility          Hex            ######..     3%          6    ####...
B - Summon Ice Beast      Ice/Summ       ######..     1%          4    None
C - Shadow Creatures      Summ           N/A          3%          6    ####...
D - Deflect Missiles      Chrm/Air       ######....   3%          6    ####...
S - Simulacrum            Ice/Necr       ######....   3%          6    ####...


Dungeon Overview and Level Annotations

Branches:
Dungeon (15/15)            Temple (1/1) D:4            Lair (6/6) D:8
  Swamp (4/4) Lair:4       Spider (4/4) Lair:4        Slime (0/5) Lair:5
    Orc (2/2) D:9             Elf (3/3) Orc:2        Vaults (4/5) D:13
  Crypt (0/3) Vaults:3     Depths (3/5) D:15

Altars:
Elyvilon
Fedhas
Hepliaklqana
Kikubaaqudgha
Makhleb
Nemelex Xobeh
Okawaru
Qazlal
Ru
Sif Muna
Trog
Uskayaw
Vehumet
Xom
The Shining One
Jiyva

Shops:
D:6 [   D:7 [   D:11 (   D:12 *   Orc:2 %![[%[%   Elf:2 }   Vaults:2 ==

Portals:
Hell: Depths:1 Depths:2
Abyss: Depths:3
Pandemonium: Depths:2 Depths:3
Ziggurat: Depths:2

Annotations:
D:1 exclusion: downstairs
D:2 exclusion: downstairs
D:3 exclusion: downstairs
D:4 exclusion: downstairs
D:7 exclusion: 2 downstairs
D:12 exclusion: downstairs
Lair:4 exclusion: downstairs
Lair:5 exclusion: downstairs
Swamp:4 2 exclusions, Mara
Spider:2 exclusion: 2 downstairs
Spider:3 exclusion: 2 downstairs
Elf:1 exclusion: downstairs
Depths:3 1 transporter


Innate Abilities, Weirdness & Mutations

Your experience applies equally to all skills.
You have very sharp teeth.
Your uncanny sense of smell can sniff out nearby items.
Your life essence is reduced to manifest your ancestor. (-10% HP)


Message History

The golden eye blinks at you. You resist with almost no effort.
The acid blob hits you!
* * * LOW HITPOINT WARNING * * *
The acid corrodes you!
You are splashed with acid!
The acid burns!
* * * LOW HITPOINT WARNING * * *
The floating eye gazes piercingly through you!
You shrug off the repeated paralysis!
The acid blob spits acid at you. The splash of acid hits you!
* * * LOW HITPOINT WARNING * * *
The acid corrodes you!
You are splashed with acid!
The acid burns!
* * * LOW HITPOINT WARNING * * *
The golden eye blinks at you. You resist with almost no effort.
The slime creature quivers.
The acid blob spits acid at you. The splash of acid hits you!
* * * LOW HITPOINT WARNING * * *
The acid corrodes you!
You are splashed with acid!
The acid burns!
You die...

#.##.....#.....#######.#
#.#.........†.........###
###.#.)##.......#........#
##......#........#........#
#......).#.....©.#.......#...
#........#.#########.##### .
###..#.##### ### ###
#..[....# ### #.......# #@#
#.......##.=.JJJG..#
###.......####./JG.###
#......<..# #∩.$_J..#
#.........# ##.$:(.##
#.........# ......$
####......# #)?#.#.$#
####...# ##©###.## #.#### ###


You could see 2 acid blobs, an azure jelly, a slime creature (wandering), a
death ooze and 2 golden eyes.

Vanquished Creatures
  An ancient lich (Abyss:3)
  Saint Roka (Vaults:3)
  Arachne (Spider:4)
  A lich (Vaults:3)
  3 deep elf master archers (Elf:3)
  2 deep elf blademasters
  A tentacled starspawn (Abyss:3)
  2 sphinxes
  Kirke (Swamp:1)
  Roxanne (Swamp:4)
  4 thorn hunters
  Donald (Swamp:3)
  A tengu reaver (Depths:3)
  2 fire giants
  The ghost of
  1994 the Fighter, a journeyman NaTm of Cheibriados (Swamp:3)
  Aizul (Swamp:1)
  7 vault wardens
  3 angels
  5 deep elf sorcerers
  3 ghost moths (Spider:4)
  3 frost giants
  4 deep elf elementalists (Elf:3)
  8 ironheart preservers
  2 spriggan defenders (Depths:3)
  4 emperor scorpions
  The ghost of Dirian the Warrior, a journeyman MiFi of Uskayaw (D:13)
  12 very ugly things
  11 entropy weavers
  4 deep elf demonologists
  6 stone giants
  A vampire knight (Vaults:3)
  6 spark wasps
  2 dire elephants (Lair:6)
  A lorocyproca (Abyss:3)
  4 deep elf annihilators (Elf:3)
  Azrael (Orc:1)
  Snorg (D:13)
  5 ettins
  6 deep elf death magi (Elf:3)
  A death ooze (Depths:3)
  2 fire dragons
  Josephine (Lair:5)
  5 deep elf high priests (Elf:3)
  2 great orbs of eyes
  5 yaktaur captains
  8 vault guards (D:13)
  9 hydras
  8 ice dragons
  2 rakshasas
  6 centaur warriors
  A merfolk avatar (Lair:6)
  5 ghost crabs
  7 alligators
  39 two-headed ogres
  16 ogre magi
  22 dancing weapons
  A death yak (shapeshifter) (Vaults:3)
  A tengu warrior (Depths:3)
  7 death yaks
  3 orc high priests (Orc:2)
  A deep troll shaman (Vaults:1)
  A soul eater (Depths:2)
  2 spriggan berserkers (Depths:3)
  A sun demon (Abyss:3)
  12 deep elf knights
  A wretched star (Abyss:3)
  A salamander mystic (Volcano)
  A fire crab (shapeshifter) (Depths:1)
  A sixfirhy (Abyss:3)
  3 deep trolls
  A shadow wraith (Vaults:1)
  8 skeletal warriors
  A hell knight (Volcano)
  A death drake (Swamp:4)
  A swamp dragon (shapeshifter) (Vaults:3)
  2 spriggan druids
  2 glowing orange brains (Depths:1)
  3 starcursed masses (Abyss:3)
  2 swamp dragons
  4 unseen horrors
  A spectral hydra (Swamp:4)
  A flayed ghost (Depths:1)
  2 shambling mangroves
  A phantasmal warrior (Vaults:4)
  7 ironbrand convokers
  8 deep elf archers
  2 harpies
  3 necromancers (Vaults:3)
  7 wizards
  A wolf spider zombie (D:14)
  24 wolf spiders
  7 orc sorcerers
  56 deep elf magi
  17 orc knights
  33 ugly things
  A shadow dragon skeleton (Vaults:3)
  5 manticores
  9 orb spiders
  3 worldbinders (Abyss:3)
  8 salamanders
  A stone giant zombie (Vaults:3)
  4 cyclopes
  10 elephants
  8 vault sentinels
  A dire elephant zombie (Abyss:3)
  2 molten gargoyles (Volcano)
  A frost giant skeleton (Vaults:3)
  3 black mambas
  An orange demon (Abyss:3)
  A naga mage (D:15)
  3 smoke demons (Abyss:3)
  2 torpor snails
  2 gargoyles
  16 spiny frogs
  A spiny frog (shapeshifter) (Vaults:3)
  5 rime drakes
  10 demonic crawlers
  9 komodo dragons
  3 freezing wraiths
  A komodo dragon (shapeshifter) (D:14)
  5 swamp worm zombies (Swamp:4)
  36 yaktaurs
  A hydra zombie (Swamp:4)
  A tyrant leech (Swamp:2)
  2 ancient zymes (Abyss:3)
  6 polar bears
  A polar bear (shapeshifter) (D:15)
  3 tengu conjurers
  7 trolls
  19 jumping spiders
  23 hornets
  7 blink frogs
  8 hippogriffs
  A raiju (shapeshifter) (Vaults:1)
  8 bog bodies
  39 slime creatures
  4 raiju (Abyss:3)
  A blink frog (shapeshifter) (Vaults:2)
  5 spectral swamp dragons (Swamp:4)
  4 alligator zombies (Swamp:4)
  8 dream sheep
  2 shadows
  A redback (shapeshifter) (Vaults:4)
  A frost giant simulacrum (Vaults:2)
  4 air elementals
  6 vampires
  7 spriggans
  A wyvern (shapeshifter) (Depths:2)
  Sigmund (D:3)
  3 ynoxinuls (Abyss:3)
  62 redbacks
  29 tarantellas
  7 water elementals
  8 wraiths
  A fire bat (Volcano)
  6 fire elementals
  A neqoxec (Abyss:3)
  9 yaks
  6 large abominations (Abyss:3)
  7 wyverns
  Eustachio (D:5)
  5 basilisks
  9 vampire mosquitoes
  2 hungry ghosts
  A chaos spawn (Abyss:3)
  20 insubstantial wisps
  Menkaure (D:4)
  A swamp worm (shapeshifter) (Vaults:2)
  6 wargs
  22 swamp worms
  7 hell hounds
  7 water moccasins
  An acid dragon (Vaults:1)
  6 porcupines
  3 ice beasts
  41 orc warriors
  6 swamp drakes
  3 black bears
  3 sky beasts
  An eye of draining (shapeshifter) (Vaults:2)
  3 necrophages
  14 centaurs
  9 phantoms
  6 swamp dragon zombies (Swamp:4)
  7 boggarts
  An elf skeleton (Vaults:3)
  47 ogres
  7 small abominations (Abyss:3)
  14 wolves
  10 crocodiles
  3 big kobolds
  13 bullfrogs
  3 earth elementals (Elf:1)
  2 scorpions
  An elf simulacrum (Vaults:3)
  A human simulacrum (Vaults:3)
  15 killer bees
  4 wights
  2 howler monkeys
  2 electric eels
  4 lava snakes (Volcano)
  6 crimson imps
  5 bullfrog zombies
  2 centaur zombies
  2 quasits
  4 hounds
  16 jellies
  20 orc priests
  2 bullfrog skeletons
  2 centaur skeletons
  18 orc wizards
  2 iguanas
  2 spectral swamp drakes (Swamp:4)
  14 worker ants
  A hound skeleton (D:9)
  A hound zombie (D:7)
  2 howler monkey zombies
  2 gnolls (D:7)
  3 hexers
  A howler monkey skeleton (D:7)
  12 adders
  2 shadow imps
  A white imp (Abyss:3)
  2 oozes
  An adder zombie (D:8)
  4 worms
  A dart slug (D:2)
  2 leopard geckos
  75 orcs
  2 ball pythons
  5 giant cockroaches
  6 goblins
  7 hobgoblins
  8 jackals (D:5)
  5 quokkas
  3 bats
  3 frilled lizards (D:2)
  11 kobolds
  A leopard gecko skeleton (D:5)
  14 rats
  2 crawling corpses (Elf:3)
  A fungus (Lair:5)
  A lurking horror (Abyss:3)
1543 creatures vanquished.

Vanquished Creatures (collateral kills)
  A bone dragon (Swamp:4)
  Jorgrun (Swamp:2)
  A deep elf master archer (Elf:3)
  2 ghost moths (Spider:4)
  A frost giant (Vaults:3)
  3 vault wardens
  Louise (D:15)
  2 deep elf sorcerers
  An iron dragon (Depths:2)
  2 spriggan defenders (Depths:3)
  An ironheart preserver (Vaults:3)
  2 stone giants (Depths:1)
  A deep elf annihilator (Elf:3)
  A deep elf demonologist (Vaults:2)
  A deep elf death mage (Elf:3)
  A merfolk impaler (Depths:1)
  3 fire dragons
  2 ogre magi
  Fannar (D:10)
  A yaktaur captain (Depths:3)
  A rakshasa (Vaults:1)
  An ice dragon (Depths:3)
  2 hydras
  A vault guard (Vaults:2)
  2 alligators
  11 two-headed ogres
  A death yak (D:8)
  2 dancing weapons (Elf:2)
  Nergalle (D:12)
  A tengu warrior (Depths:3)
  2 spriggan berserkers (Depths:3)
  5 deep elf knights
  A salamander mystic (Depths:2)
  A soul eater (Depths:2)
  A skeletal warrior (Vaults:2)
  A deep troll (Vaults:1)
  2 deep elf archers
  A swamp dragon (Swamp:1)
  A harpy (shapeshifter) (Vaults:2)
  2 orc knights (Vaults:1)
  A shambling mangrove (Swamp:3)
  2 wolf spiders
  8 deep elf magi
  2 manticores (Lair:6)
  4 ugly things
  A salamander (Depths:2)
  A black mamba (Lair:3)
  A vault sentinel (Vaults:3)
  An elephant (Lair:6)
  2 smoke demons
  3 spiny frogs
  A hellion (Depths:2)
  2 human zombies (Vaults:3)
  A freezing wraith (Vaults:2)
  6 yaktaurs
  10 hornets
  2 jumping spiders
  2 trolls
  A tyrant leech (Swamp:3)
  A dream sheep (Lair:5)
  11 slime creatures
  A blink frog (Lair:4)
  A raiju (Abyss:3)
  2 hippogriffs
  13 redbacks
  4 spriggans
  A vampire (Vaults:3)
  3 tarantellas
  A wraith (Lair:5)
  3 yaks
  A wyvern (Lair:6)
  2 basilisks
  A fire bat (Volcano)
  A vampire mosquito (Swamp:2)
  2 insubstantial wisps
  2 swamp worms
  A water moccasin (Lair:4)
  A sky beast (D:8)
  4 ice beasts
  3 orc warriors
  A phantom (Swamp:4)
  5 ogres
  2 swamp drakes
  3 wolves
  A centaur (D:12)
  2 crocodiles
  A big kobold (D:8)
  A bullfrog (D:6)
  An earth elemental (Elf:1)
  A wight (D:6)
  A killer bee (D:7)
  A howler monkey (D:14)
  A hexer (D:12)
  2 crimson imps
  A hound (D:7)
  A bullfrog zombie (D:12)
  A centaur zombie (D:7)
  2 orc priests
  A bullfrog skeleton (D:5)
  An iguana (D:5)
  7 orc wizards
  A worker ant (D:9)
  6 adders
  A dart slug (D:4)
  14 orcs
  A giant cockroach (D:3)
  A quokka (D:4)
  A jackal zombie (D:6)
241 creatures vanquished.

Vanquished Creatures (others)
  A deep elf elementalist (Elf:3)
  A two-headed ogre (Vaults:4)
  A dancing weapon (Depths:1)
  A deep elf archer (Elf:1)
  An orc knight (Vaults:2)
  A deep elf mage (Elf:1)
  A hornet (Swamp:1)
  3 humans (Swamp:1)
  2 insubstantial wisps (Swamp:4)
  An orc wizard (D:7)
  An ancestor (D:5)
  67 hexers
  2 orcs (Vaults:1)
  A briar patch (Swamp:1)
  3 bushes (Lair:6)
  16 fungi
  18 plants (Lair:6)
  2 starspawn tentacles (Abyss:3)
123 creatures vanquished.

Grand Total: 1907 creatures vanquished

Notes
Turn   | Place    | Note
-------+----------+-------------------------------------------
     0 | D:1      | Wehk the Gnoll Wanderer began the quest for the Orb.
     0 | D:1      | Wehk set off with: a +2 scale mail, a scroll of teleportation, a +0 spear, a +0 dagger, a ration
     0 | D:1      | Reached XP level 1. HP: 17/17 MP: 1/1
   174 | D:1      | Reached XP level 2. HP: 23/23 MP: 2/2
   769 | D:1      | You fall through a shaft!
   782 | D:2      | Reached XP level 3. HP: 28/28 MP: 3/3
  1043 | D:2      | Reached skill level 1 in Invocations
  1049 | D:2      | Found a glowing golden altar of the Shining One.
  1052 | D:2      | Found a hazy altar of Hepliaklqana.
  1067 | D:2      | Became a worshipper of Hepliaklqana the Forgotten
  1184 | D:2      | Reached skill level 1 in Short Blades
  1184 | D:2      | Reached skill level 1 in Long Blades
  1184 | D:2      | Reached skill level 1 in Axes
  1184 | D:2      | Reached skill level 1 in Staves
  1184 | D:2      | Reached skill level 1 in Slings
  1184 | D:2      | Reached skill level 1 in Bows
  1184 | D:2      | Reached skill level 1 in Crossbows
  1184 | D:2      | Reached skill level 1 in Shields
  1184 | D:2      | Reached skill level 1 in Unarmed Combat
  1184 | D:2      | Reached skill level 1 in Spellcasting
  1184 | D:2      | Reached skill level 1 in Evocations
  1184 | D:2      | Reached XP level 4. HP: 25/30 MP: 5/5
  1550 | D:2      | Reached skill level 1 in Conjurations
  1550 | D:2      | Reached skill level 1 in Hexes
  1550 | D:2      | Reached skill level 1 in Charms
  1550 | D:2      | Reached skill level 1 in Summonings
  1550 | D:2      | Reached skill level 1 in Necromancy
  1550 | D:2      | Reached skill level 1 in Translocations
  1550 | D:2      | Reached skill level 1 in Transmutations
  1550 | D:2      | Reached skill level 1 in Fire Magic
  1550 | D:2      | Reached skill level 1 in Ice Magic
  1550 | D:2      | Reached skill level 1 in Air Magic
  1550 | D:2      | Reached skill level 1 in Earth Magic
  1550 | D:2      | Reached skill level 1 in Poison Magic
  1800 | D:3      | Found a bloodstained altar of Trog.
  1801 | D:3      | Noticed Sigmund
  1835 | D:3      | Reached * piety under Hepliaklqana
  2001 | D:3      | Killed Sigmund
  2001 | D:3      | Reached skill level 2 in Invocations
  2001 | D:3      | Reached XP level 5. HP: 36/36 MP: 5/7
  2001 | D:3      | Reached XP level 6. HP: 42/42 MP: 5/8
  2148 | D:3      | Found a stormy altar of Qazlal.
  2149 | D:3      | Noticed a water elemental
  2149 | D:3      | Noticed an air elemental
  2149 | D:3      | Noticed a fire elemental
  2767 | D:4      | Found a blossoming altar of Fedhas.
  2963 | D:4      | Noticed Menkaure
  2968 | D:4      | Killed Menkaure
  2968 | D:4      | Reached XP level 7. HP: 8/46 MP: 10/10
  3284 | D:4      | Found a staircase to the Ecumenical Temple.
  3314 | Temple   | Entered the Ecumenical Temple
  3435 | D:5      | Entered Level 5 of the Dungeon
  3615 | D:5      | Found a hide-covered altar of Uskayaw.
  3629 | D:5      | Noticed Eustachio
  3663 | D:5      | Killed Eustachio
  3663 | D:5      | Reached skill level 5 in Stealth
  3663 | D:5      | Reached skill level 3 in Invocations
  3669 | D:6      | Reached ** piety under Hepliaklqana
  3673 | D:6      | Remembered your ancestor Dickbutt as a hexer
  3761 | D:5      | Reached XP level 8. HP: 31/54 MP: 12/12
  4935 | D:6      | Reached skill level 4 in Invocations
  4976 | D:6      | Reached XP level 9. HP: 50/59 MP: 14/14
  5113 | D:6      | Got a bloodstained hunting sling
  5114 | D:6      | Identified the +8 hunting sling of Yredelemnul {speed, rF+ MP-9 Str+7 SInv} (You found it on level 6 of the Dungeon)
  5141 | D:6      | Found Gijuig's Armour Shoppe.
  5150 | D:6      | Bought a +0 helmet of see invisible for 138 gold pieces
  5150 | D:6      | Bought a +0 pair of boots for 54 gold pieces
  5471 | D:7      | Found a shimmering altar of Xom.
  5472 | D:7      | Found a shimmering altar of Xom.
  5490 | D:7      | Found a shimmering altar of Xom.
  5525 | D:7      | Found a shimmering altar of Xom.
  5525 | D:7      | Found a shimmering altar of Xom.
  5525 | D:7      | Found a shimmering altar of Xom.
  5528 | D:7      | Reached *** piety under Hepliaklqana
  5646 | D:7      | Found a sparkling altar of Nemelex Xobeh.
  5736 | D:7      | Reached skill level 5 in Fighting
  5736 | D:7      | Reached skill level 5 in Maces & Flails
  5736 | D:7      | Reached skill level 5 in Throwing
  5736 | D:7      | Reached skill level 5 in Armour
  5736 | D:7      | Reached skill level 5 in Dodging
  6334 | D:7      | Found Amugoil's Antique Armour Shoppe.
  6337 | D:7      | Bought a faintly humming leather armour for 189 gold pieces
  6347 | D:7      | Identified the +1 leather armour of Hyjove {rPois rN+ Dex+3} (You bought it in a shop on level 7 of the Dungeon)
  6352 | D:7      | Learned a level 3 spell: Portal Projectile
  6443 | D:7      | Found an iron altar of Okawaru.
  6541 | D:8      | Reached skill level 5 in Invocations
  6593 | D:8      | Found a white marble altar of Elyvilon.
  6719 | D:8      | Reached XP level 10. HP: 36/66 MP: 6/17
  6791 | D:8      | Reached skill level 5 in Short Blades
  6791 | D:8      | Reached skill level 5 in Long Blades
  6791 | D:8      | Reached skill level 5 in Axes
  6791 | D:8      | Reached skill level 5 in Staves
  6791 | D:8      | Reached skill level 5 in Slings
  6791 | D:8      | Reached skill level 5 in Bows
  6791 | D:8      | Reached skill level 5 in Crossbows
  6791 | D:8      | Reached skill level 5 in Shields
  6791 | D:8      | Reached skill level 5 in Unarmed Combat
  6791 | D:8      | Reached skill level 5 in Spellcasting
  6791 | D:8      | Reached skill level 5 in Evocations
  6952 | D:8      | Noticed a two-headed hydra
  6988 | D:8      | Killed a two-headed hydra
  7115 | D:8      | Noticed a two-headed ogre
  7142 | D:8      | Killed a two-headed ogre
  7214 | D:8      | Noticed a death yak
  7219 | D:8      | Noticed a death yak
  7222 | D:8      | Noticed a death yak
  7229 | D:8      | Killed a death yak
  7229 | D:8      | Reached skill level 6 in Invocations
  7241 | D:8      | Killed a death yak
  7241 | D:8      | Reached XP level 11. HP: 60/73 MP: 1/19
  7360 | D:8      | Found a sacrificial altar of Ru.
  7571 | D:8      | Killed a death yak
  7855 | D:8      | Learned a level 3 spell: Inner Flame
  7858 | D:8      | Learned a level 2 spell: Slow
  7884 | D:8      | Found a staircase to the Lair.
  7960 | D:8      | Noticed a two-headed ogre
  7968 | D:8      | Killed a two-headed ogre
  7968 | D:8      | Reached skill level 5 in Conjurations
  7968 | D:8      | Reached skill level 5 in Hexes
  7968 | D:8      | Reached skill level 5 in Charms
  7968 | D:8      | Reached skill level 5 in Summonings
  7968 | D:8      | Reached skill level 5 in Necromancy
  7968 | D:8      | Reached skill level 5 in Translocations
  7968 | D:8      | Reached skill level 5 in Transmutations
  7968 | D:8      | Reached skill level 5 in Fire Magic
  7968 | D:8      | Reached skill level 5 in Ice Magic
  7968 | D:8      | Reached skill level 5 in Air Magic
  7968 | D:8      | Reached skill level 5 in Earth Magic
  7968 | D:8      | Reached skill level 5 in Poison Magic
  8075 | D:8      | Found a deep blue altar of Sif Muna.
  8228 | D:9      | Found a radiant altar of Vehumet.
  8308 | D:9      | Found an ancient bone altar of Kikubaaqudgha.
  8315 | D:9      | Noticed a two-headed ogre
  8333 | D:9      | Killed a two-headed ogre
  8625 | D:9      | Reached **** piety under Hepliaklqana
  8775 | D:9      | Found a burning altar of Makhleb.
  8830 | D:9      | Noticed a two-headed ogre
  8836 | D:9      | Killed a two-headed ogre
  8953 | D:9      | Reached skill level 7 in Invocations
  9318 | D:9      | Found a staircase to the Orcish Mines.
  9502 | D:10     | Entered Level 10 of the Dungeon
  9810 | D:10     | Noticed Fannar
  9831 | D:10     | Killed Fannar
 10365 | D:11     | Noticed a two-headed ogre
 10378 | D:11     | Killed a two-headed ogre
 10378 | D:11     | Reached XP level 12. HP: 81/81 MP: 1/22
 10517 | D:11     | Identified a scroll of acquirement
 10555 | D:11     | Got a heavily runed scale mail
 10566 | D:11     | Identified the +0 scale mail "Becw" {rCorr Str+4 Int+4 Dex-5} (You found it on level 11 of the Dungeon)
 10655 | D:11     | Found Vuqil's Weapon Boutique.
 10818 | D:11     | Reached ***** piety under Hepliaklqana
 11054 | D:12     | Found Nunwe's Pet Rocks.
 11318 | Lair:1   | Entered Level 1 of the Lair of Beasts
 11325 | Lair:1   | Learned a level 4 spell: Cause Fear
 12132 | Lair:2   | Reached skill level 8 in Invocations
 13415 | Lair:3   | Reached skill level 10 in Polearms
 13533 | Lair:3   | Reached ****** piety under Hepliaklqana
 13778 | Lair:3   | Noticed an eight-headed hydra
 13787 | Lair:3   | Killed an eight-headed hydra
 13787 | Lair:3   | Reached XP level 13. HP: 78/88 MP: 2/24
 14951 | Lair:4   | Found a staircase to the Swamp.
 15108 | Lair:4   | Found a hole to the Spider Nest.
 15527 | Lair:4   | Reached skill level 9 in Invocations
 15988 | Lair:5   | Noticed Josephine
 16012 | Lair:5   | Killed Josephine
 16412 | Lair:5   | Found a staircase to the Slime Pits.
 17367 | Lair:6   | Entered Level 6 of the Lair of Beasts
 17423 | Lair:6   | Reached XP level 14. HP: 97/97 MP: 1/26
 17789 | Lair:6   | Noticed a dire elephant
 17807 | Lair:6   | Killed a dire elephant
 17883 | Lair:6   | Noticed a dire elephant
 17907 | Lair:6   | Killed a dire elephant
 18284 | Lair:6   | Reached skill level 10 in Stealth
 18319 | Lair:6   | Got a serpentine gossamer ring
 18331 | Lair:6   | Learned a level 3 spell: Mephitic Cloud
 18660 | Lair:6   | Reached skill level 10 in Invocations
 19134 | Lair:6   | Identified the ring "Amaxtaot" {Str+5 Dex-4 SInv} (You found it on level 6 of the Lair of Beasts)
 20116 | D:12     | Noticed Nergalle
 20368 | D:12     | Killed Nergalle
 20491 | D:12     | Got an ancient fustibalus
 20499 | D:12     | Identified the +10 fustibalus of Otzy {flame, -Tele +Inv MP+9 Str+2} (You found it on level 12 of the Dungeon)
 20760 | D:12     | Reached XP level 15. HP: 89/103 MP: 28/28
 20919 | D:13     | Noticed Snorg
 20935 | D:13     | Killed Snorg
 20995 | D:13     | Reached skill level 10 in Fighting
 20995 | D:13     | Reached skill level 10 in Maces & Flails
 20995 | D:13     | Reached skill level 10 in Throwing
 20995 | D:13     | Reached skill level 10 in Armour
 20995 | D:13     | Reached skill level 10 in Dodging
 21027 | D:13     | Noticed Dirian's ghost (journeyman MiFi)
 21164 | D:13     | Killed Dirian's ghost
 21611 | Orc:1    | Entered Level 1 of the Orcish Mines
 21856 | Orc:2    | Entered Level 2 of the Orcish Mines
 21856 | Orc:2    | Noticed Azrael
 21887 | Orc:1    | Killed Azrael
 22097 | Orc:2    | Found Kevy's Food Shop.
 22187 | Orc:2    | Found a dark tunnel.
 22195 | Volcano  | Entered a volcano
 22406 | Volcano  | Found a radiant altar of Vehumet.
 22862 | Orc:2    | Found Qazun's Food Boutique.
 22868 | Orc:2    | Found Cayhyum's Antique Armour Shoppe.
 22903 | Orc:2    | Found a staircase to the Elven Halls.
 23155 | Orc:2    | Found Joym's Antique Armour Shoppe.
 23409 | Orc:2    | Reached skill level 10 in Short Blades
 23409 | Orc:2    | Reached skill level 10 in Long Blades
 23409 | Orc:2    | Reached skill level 10 in Axes
 23409 | Orc:2    | Reached skill level 10 in Staves
 23409 | Orc:2    | Reached skill level 10 in Slings
 23409 | Orc:2    | Reached skill level 10 in Bows
 23409 | Orc:2    | Reached skill level 10 in Crossbows
 23409 | Orc:2    | Reached skill level 10 in Shields
 23409 | Orc:2    | Reached skill level 10 in Unarmed Combat
 23409 | Orc:2    | Reached skill level 10 in Spellcasting
 23409 | Orc:2    | Reached skill level 10 in Evocations
 23832 | Orc:2    | Found Xuyn's Food Shoppe.
 23833 | Orc:2    | Found Fetuo's Armour Boutique.
 23833 | Orc:2    | Found Adghejom's Distillery.
 23908 | Orc:2    | Bought a faintly glowing ring mail for 198 gold pieces
 23918 | Orc:2    | Identified the cursed +1 ring mail "Kuugh" {rF+ rN+ Int+4 Slay+3} (You bought it in a shop on level 2 of the Orcish Mines)
 24223 | D:13     | Reached skill level 11 in Invocations
 24475 | D:13     | Found a gate to the Vaults.
 24758 | D:14     | Identified the Catalogue of the Glacier
 24782 | D:14     | Identified the Collected Works on Protection
 25455 | D:15     | Entered Level 15 of the Dungeon
 25457 | D:15     | Reached XP level 16. HP: 111/111 MP: 30/30
 26024 | Spider:1 | Entered Level 1 of the Spider Nest
 29863 | Spider:3 | Reached XP level 17. HP: 117/117 MP: 29/32
 30148 | Spider:4 | Entered Level 4 of the Spider Nest
 30215 | Spider:4 | Reached skill level 12 in Invocations
 30551 | Spider:4 | Identified Xuik's Volume of Bewitchment and Contamination
 32491 | Spider:4 | Noticed Arachne
 32509 | Spider:4 | Killed Arachne
 32566 | Spider:4 | Got a steaming long sword
 32626 | Spider:4 | Got a gossamer rune of Zot
 32840 | Lair:4   | Identified the +4 long sword of Tufuro {slice, Dex+6} (You found it on level 4 of the Spider Nest)
 32892 | Swamp:1  | Entered Level 1 of the Swamp
 33001 | Swamp:1  | Learned a level 4 spell: Summon Ice Beast
 33245 | Swamp:1  | Found a transporter.
 33424 | Swamp:1  | Noticed Kirke
 33435 | Swamp:1  | Killed Kirke
 33528 | Swamp:1  | Found a transporter.
 33958 | Swamp:2  | Noticed Aizul
 33969 | Swamp:1  | Killed Aizul
 34302 | Swamp:1  | Reached skill level 10 in Conjurations
 34302 | Swamp:1  | Reached skill level 10 in Hexes
 34302 | Swamp:1  | Reached skill level 10 in Charms
 34302 | Swamp:1  | Reached skill level 10 in Summonings
 34302 | Swamp:1  | Reached skill level 10 in Necromancy
 34302 | Swamp:1  | Reached skill level 10 in Translocations
 34302 | Swamp:1  | Reached skill level 10 in Transmutations
 34302 | Swamp:1  | Reached skill level 10 in Fire Magic
 34302 | Swamp:1  | Reached skill level 10 in Ice Magic
 34302 | Swamp:1  | Reached skill level 10 in Air Magic
 34302 | Swamp:1  | Reached skill level 10 in Earth Magic
 34302 | Swamp:1  | Reached skill level 10 in Poison Magic
 34700 | Swamp:2  | Reached XP level 18. HP: 126/126 MP: 24/33
 34756 | Swamp:2  | Learned a level 6 spell: Simulacrum
 35272 | Swamp:2  | Noticed Jorgrun
 35282 | Swamp:2  | Killed Jorgrun
 35908 | Swamp:3  | Noticed Donald
 35918 | Swamp:3  | Killed Donald
 35993 | Swamp:3  | Noticed 1994's ghost (journeyman NaTm)
 36033 | Swamp:3  | Killed 1994's ghost
 36350 | Swamp:3  | Got a dazzling halberd
 36689 | Swamp:4  | Entered Level 4 of the Swamp
 37043 | Swamp:4  | Noticed Mara
 37114 | Swamp:4  | Noticed Roxanne
 37141 | Swamp:4  | Killed Roxanne
 37141 | Swamp:4  | Reached skill level 13 in Invocations
 37327 | Swamp:4  | Identified Roxanne's Handbook of Stones (You took it off Roxanne on level 4 of the Swamp)
 37737 | Swamp:4  | Noticed a bone dragon
 38043 | Swamp:4  | Killed a bone dragon
 38272 | Swamp:4  | Got a decaying rune of Zot
 38600 | Vaults:1 | Entered Level 1 of the Vaults
 40041 | Vaults:1 | Reached XP level 19. HP: 129/129 MP: 25/35
 40323 | Vaults:1 | Found a bloodstained altar of Trog.
 41751 | Vaults:2 | Found Odoqieb's Jewellery Shoppe.
 41910 | Vaults:2 | Identified the cursed +0 halberd "Seudes" {vamp, *Corrode Int+6} (You found it on level 3 of the Swamp)
 42651 | Vaults:2 | Found Jeapiacs's Jewellery Shop.
 42837 | Vaults:2 | Got a jewelled arbalest
 42843 | Vaults:2 | Identified the +12 arbalest "Ogrebane" {freeze, rN+} (You found it on level 2 of the Vaults)
 43613 | Vaults:3 | Reached XP level 20. HP: 137/137 MP: 32/36
 43699 | Vaults:3 | Reached skill level 14 in Invocations
 44245 | Vaults:3 | Noticed Saint Roka
 44262 | Vaults:3 | Killed Saint Roka
 44973 | Vaults:3 | Noticed a Brimstone Fiend
 45225 | Vaults:3 | Found a staircase to the Crypt.
 45654 | Vaults:4 | Cast into level 3 of the Abyss (a deep elf demonologist)
 45654 | Abyss:3  | Found a corrupted altar of Lugonu.
 45883 | Abyss:3  | Found a transporter.
 46024 | Vaults:4 | Escaped the Abyss
 46393 | Vaults:4 | Reached XP level 21. HP: 91/147 MP: 21/38
 47456 | Swamp:1  | Learned a level 6 spell: Invisibility
 47568 | Swamp:1  | Got a scintillating jade ring
 47582 | Swamp:1  | Identified the Disquisition on Shape Shifting and Execration
 47586 | Swamp:1  | Got a translucent lapis lazuli ring
 47592 | Swamp:1  | Identified the ring of the Good {rC- Int+9 Stlth+} (You found it on level 1 of the Swamp)
 47595 | Swamp:1  | Identified the ring "Sutuwkom" {rF+ MR+} (You found it on level 1 of the Swamp)
 47605 | Swamp:1  | Learned a level 5 spell: Silence
 47833 | Elf:1    | Entered Level 1 of the Elven Halls
 47891 | Elf:1    | Learned a level 3 spell: Tukima's Dance
 49247 | Elf:2    | Found Ydureas's Gadget Shop.
 49647 | Elf:2    | Reached skill level 15 in Polearms
 49733 | Elf:2    | Found a runed gate.
 49740 | Elf:2    | Found a runed gate.
 49740 | Elf:2    | Found a runed gate.
 50111 | Elf:2    | Reached skill level 15 in Invocations
 50937 | Elf:3    | Entered Level 3 of the Elven Halls
 51380 | Elf:3    | Got a warped hat
 51391 | Elf:3    | Identified the cursed -3 hat of the Catfish {Regen+ Str+3} (You found it on level 3 of the Elven Halls)
 51770 | Elf:3    | Reached XP level 22. HP: 134/154 MP: 11/40
 51862 | Elf:3    | Cast into level 3 of the Abyss (a deep elf sorcerer)
 51973 | Abyss:3  | Noticed an ancient lich
 51984 | Abyss:3  | Killed an ancient lich
 52017 | Elf:3    | Escaped the Abyss
 52723 | Elf:3    | Identified Mosesoas's Almanac of Calculation
 52869 | Elf:3    | Got a pitted sapphire amulet
 52870 | Elf:3    | Identified the amulet of the Middle {Inacc rC- Int+5} (You found it on level 3 of the Elven Halls)
 52873 | Elf:3    | Got a pair of ichor-stained gloves
 52875 | Elf:3    | Got a pitted ring mail
 52890 | Elf:3    | Identified the +2 pair of gloves of Oplaiwe {rPois rC+ Dex-5} (You found it on level 3 of the Elven Halls)
 52909 | Elf:3    | Identified the +1 ring mail "Gaoloa" {*Drain Regen+ Dex+3} (You found it on level 3 of the Elven Halls)
 52919 | Elf:3    | Identified Sacihuc's Papyrus of the Albatross
 52952 | Elf:3    | Identified the Handbook of Creative Contamination
 53236 | Elf:3    | Learned a level 6 spell: Freezing Cloud
 53243 | Elf:3    | Learned a level 6 spell: Shadow Creatures
 53250 | Elf:3    | Learned a level 6 spell: Deflect Missiles
 53924 | D:15     | Noticed Louise
 53936 | D:15     | Killed Louise
 54060 | D:15     | Found a staircase to the Depths.
 54229 | Depths:1 | Entered Level 1 of the Depths
 54478 | Depths:1 | Found a gateway to Hell.
 54702 | Depths:1 | Reached skill level 15 in Stealth
 55294 | Depths:2 | Found a gateway to a ziggurat.
 55406 | Depths:2 | Reached skill level 15 in Bows
 55416 | Depths:2 | Reached XP level 23. HP: 63/162 MP: 11/41
 55704 | Depths:2 | Found a one-way gate leading to the halls of Pandemonium.
 56071 | Depths:2 | Reached skill level 15 in Fighting
 56071 | Depths:2 | Reached skill level 15 in Maces & Flails
 56071 | Depths:2 | Reached skill level 15 in Throwing
 56071 | Depths:2 | Reached skill level 15 in Armour
 56071 | Depths:2 | Reached skill level 15 in Dodging
 56549 | Depths:3 | Reached skill level 16 in Invocations
 56997 | Depths:3 | Found a viscous altar of Jiyva.
 57142 | Depths:3 | Found a transporter.
 57225 | Depths:3 | Found a one-way gate to the infinite horrors of the Abyss.
 57225 | Depths:3 | Found a transporter.
 57228 | Depths:3 | Paralysed by a floating eye for 2 turns
 57233 | Depths:3 | Paralysed by a floating eye for 4 turns
 57237 | Depths:3 | HP: 7/161 [acid blob/splash of acid (7)]
 57237 | Depths:3 | Splashed by an acid blob's acid

Skill      XL: |  1  2  3  4  5  6  7  8  9 10 11 12 13 14 15 16 17 18 19 20 21 22 23 |
---------------+----------------------------------------------------------------------+-----
Invocations    | 1 2 3 4 5 6 7 8 9 10 11 12 13 14 15 16 | 16.0
Short Blades   | 1 2 3 4 5 6 7 8 9 10 11 12 13 14 | 14.9
Long Blades    | 1 2 3 4 5 6 7 8 9 10 11 12 13 14 | 14.9
Axes           | 1 2 3 4 5 6 7 8 9 10 11 12 13 14 | 14.9
Staves         | 1 2 3 4 5 6 7 8 9 10 11 12 13 14 | 14.9
Slings         | 1 2 3 4 5 6 7 8 9 10 11 12 13 14 | 14.9
Bows           | 1 2 3 4 5 6 7 8 9 10 11 12 13 14 15 | 15.4
Crossbows      | 1 2 3 4 5 6 7 8 9 10 11 12 13 14 | 14.9
Shields        | 1 2 3 4 5 6 7 8 9 10 11 12 13 14 | 14.9
Unarmed Combat | 1 2 3 4 5 6 7 8 9 10 11 12 13 14 | 14.9
Spellcasting   | 1 2 3 4 5 6 7 8 9 10 11 12 13 14 | 14.9
Evocations     | 1 2 3 4 5 6 7 8 9 10 11 12 13 14 | 14.9
Conjurations   | 1 2 3 4 5 6 7 8 9 10 11 12 | 12.8
Hexes          | 1 2 3 4 5 6 7 8 9 10 11 12 | 12.8
Charms         | 1 2 3 4 5 6 7 8 9 10 11 12 | 12.8
Summonings     | 1 2 3 4 5 6 7 8 9 10 11 12 | 12.8
Necromancy     | 1 2 3 4 5 6 7 8 9 10 11 12 | 12.8
Translocations | 1 2 3 4 5 6 7 8 9 10 11 12 | 12.8
Transmutations | 1 2 3 4 5 6 7 8 9 10 11 12 | 12.8
Fire Magic     | 1 2 3 4 5 6 7 8 9 10 11 12 | 12.8
Ice Magic      | 1 2 3 4 5 6 7 8 9 10 11 12 | 12.8
Air Magic      | 1 2 3 4 5 6 7 8 9 10 11 12 | 12.8
Earth Magic    | 1 2 3 4 5 6 7 8 9 10 11 12 | 12.8
Poison Magic   | 1 2 3 4 5 6 7 8 9 10 11 12 | 12.8
Fighting       | 3 4 5 6 7 8 9 10 11 12 13 14 15 | 15.0
Maces & Flails | 3 4 5 6 7 8 9 10 11 12 13 14 15 | 15.0
Throwing       | 3 4 5 6 7 8 9 10 11 12 13 14 15 | 15.0
Armour         | 3 4 5 6 7 8 9 10 11 12 13 14 15 | 15.0
Dodging        | 3 4 5 6 7 8 9 10 11 12 13 14 15 | 15.0
Polearms       | 7 8 9 10 11 12 13 14 15 | 15.9
Stealth        | 5 6 7 8 9 10 11 12 13 14 15 | 15.3

Action                   |  1- 3 |  4- 6 |  7- 9 | 10-12 | 13-15 | 16-18 | 19-21 | 22-24 || total
-------------------------+-------+-------+-------+-------+-------+-------+-------+-------++-------
Melee: Spear             |   109 |   106 |   173 |       |       |       |       |       ||   388
       Bite              |     8 |    11 |    13 |       |     1 |     4 |       |       ||    37
       Punch             |       |     2 |     1 |       |       |       |       |       ||     3
       Glaive            |       |       |    39 |       |     7 |       |       |       ||    46
       Falchion          |       |       |       |     2 |       |       |       |       ||     2
       Eveningstar       |       |       |       |       |       |    32 |       |       ||    32
 Fire: Hunting sling     |    10 |    11 |   182 |   672 |   889 |       |       |       ||  1764
       Fustibalus        |       |       |       |       |   501 |  1670 |   374 |       ||  2545
       Arbalest          |       |       |       |       |       |       |   828 |   489 ||  1317
Throw: Stone             |       |     4 |       |       |       |       |       |       ||     4
       Tomahawk          |       |       |    27 |       |       |       |       |       ||    27
 Cast: Portal Projectile |       |       |     1 |    21 |    83 |   203 |   145 |    79 ||   532
       Inner Flame       |       |       |       |     5 |     5 |     1 |     1 |       ||    12
       Slow              |       |       |       |     3 |     2 |     1 |       |       ||     6
       Cause Fear        |       |       |       |     5 |    11 |    19 |     8 |       ||    43
       Mephitic Cloud    |       |       |       |       |    28 |    23 |    39 |     7 ||    97
       Summon Ice Beast  |       |       |       |       |       |    58 |    79 |    28 ||   165
       Simulacrum        |       |       |       |       |       |       |     4 |     6 ||    10
       Invisibility      |       |       |       |       |       |       |     7 |     5 ||    12
       Silence           |       |       |       |       |       |       |     1 |     1 ||     2
       Shadow Creatures  |       |       |       |       |       |       |       |    23 ||    23
       Freezing Cloud    |       |       |       |       |       |       |       |    10 ||    10
       Tukima's Dance    |       |       |       |       |       |       |       |     7 ||     7
       Deflect Missiles  |       |       |       |       |       |       |       |     2 ||     2
Invok: Ancestor Identity |     1 |       |       |       |       |       |       |       ||     1
       Ancestor Life: He |       |       |     1 |       |       |       |       |       ||     1
       Recall Ancestor   |       |       |     2 |     1 |     7 |     3 |     3 |       ||    16
       Idealise          |       |       |       |       |     1 |     6 |     4 |     4 ||    15
 Abil: Evoke Invisibilit |       |       |       |       |     2 |    13 |     1 |       ||    16
       Cancel Portal Pro |       |       |       |       |       |       |     1 |       ||     1
Evoke: Wand              |       |     3 |     4 |    11 |    14 |    17 |     5 |     1 ||    55
       Lamp of fire      |       |       |       |       |       |     3 |     4 |       ||     7
  Use: Scroll            |       |     3 |    11 |     5 |    11 |    19 |    12 |     8 ||    69
       Potion            |       |       |     4 |     1 |    12 |    13 |     8 |     9 ||    47
 Stab: Sleeping          |     1 |       |       |     1 |       |       |       |       ||     2
       Distracted        |       |     1 |     2 |       |     1 |     2 |       |       ||     6
       Invisible         |       |       |     4 |       |       |       |       |       ||     4
       Confused          |       |       |     7 |       |       |       |       |       ||     7
  Eat: Chunk             |     1 |     5 |    10 |    18 |    29 |     8 |    27 |    16 ||   114
       Ration            |       |       |     1 |     1 |     2 |    12 |     4 |     2 ||    22
Armor: Scale mail        |    23 |    20 |    46 |       |     3 |       |       |       ||    92
       Plate armour      |       |       |    38 |       |       |       |    96 |       ||   134
       Leather armour    |       |       |     4 |    29 |    56 |   185 |    39 |       ||   313
       Skin              |       |       |       |       |     2 |       |       |       ||     2
       Ring mail         |       |       |       |       |     3 |    12 |    21 |    57 ||    93
Dodge: Dodged            |    24 |    36 |   100 |    92 |   225 |   477 |   238 |   123 ||  1315
       Deflected         |       |       |       |       |       |       |       |    19 ||    19
Block: Buckler           |       |       |       |       |    32 |   214 |    16 |       ||   262
